 Dungeon Crawl Stone Soup version 0.30-a0-168-g0b976cbdc4 (webtiles) character file.

Game seed: 4513391829472083158

163 qw the Chopper (level 5, 0/32 HPs)
             Began as a Gargoyle Fighter on Sept 29, 2022.
             Slain by a centaur (5 damage)
             ... on level 3 of the Dungeon.
             The game lasted 00:00:55 (2453 turns).

qw the Chopper (Gargoyle Fighter)                   Turns: 2453, Time: 00:00:56

Health: 0/32       AC: 12    Str: 22    XL:     5   Next: 44%
Magic:  5/5        EV:  9    Int:  8    God:
Gold:   123        SH:  4    Dex:  9    Spells: 4/4 levels left

rFire   . . .      SeeInvis .    Y - +0 war axe
rCold   + . .      Faith    .    c - +0 buckler
rNeg    + . .      Spirit   .    b - +0 scale mail
rPois   inf        Reflect  .    (no helmet)
rElec   +          Harm     .    (no cloak)
rCorr   .          Rampage  .    (no gloves)
Will    .....                    i - +0 pair of boots
Stlth   ..........               (no amulet)
HPRegen 0.10/turn                m - ring of protection from cold
MPRegen 0.09/turn                (no ring)

@: no status effects
A: sickness immunity, AC +4, negative energy resistance 1, electricity
resistance, torment resistance 1, petrification resistance
a: no special abilities


You were on level 3 of the Dungeon.
You visited 1 branch of the dungeon, and saw 3 of its levels.

You collected 123 gold pieces.


Innate Abilities, Weirdness & Mutations

You are immune to sickness and miasma.
Your stone body is resilient. (AC +4)
You are immune to poison.
You resist negative energy. (rN+)
You are resistant to electric shocks. (rElec)
You are resistant to unholy torment.
You are immune to petrification.


   Skills:
 + Level 3.2 Fighting
 - Level 5.0 Axes
 - Level 3.2 Armour
 - Level 3.2 Shields


You had 4 spell levels left.
You didn't know any spells.
Your spell library was empty.

Inventory:

Hand Weapons
 g - a +0 flail
 Y - a +0 war axe (weapon)
Armour
 b - a +0 scale mail (worn)
 c - a +0 buckler (worn)
 i - a +0 pair of boots (worn)
Jewellery
 m - a ring of protection from cold (left hand)
Potions
 d - a potion of might
 e - a potion of degeneration {unknown}
 f - 3 potions of heal wounds
 j - a potion of curing {unknown}
 l - a potion of brilliance {unknown}
 p - a potion of haste {unknown}
 q - 2 potions of mutation {unknown}

Dungeon Overview and Level Annotations

Branches:
Dungeon (3/15)

Altars:


Message History

You hit the adder.
The adder is severely wounded.
You block the adder's attack. The adder barely misses you.
You barely miss the adder.
The adder is severely wounded.
The adder bites you. The adder bites you but does no damage.
You barely miss the adder.
The adder is severely wounded.
The adder bites you but does no damage.
You closely miss the adder.
The adder is severely wounded.
The adder bites you but does no damage. The adder barely misses you.
You slash the adder!
You kill the adder!
Your Axes skill increases to level 5!
You start resting.
A centaur comes into view.
The centaur shouts!
The centaur wields a +0 shortbow.
The centaur shoots an arrow.
The arrow barely misses you.
The centaur shoots an arrow.
The arrow hits you.
The centaur shoots an arrow.
The arrow hits you but does no damage.
The centaur shoots an arrow.
The arrow hits you.
The centaur unwields a +0 shortbow.
The centaur hits you but does no damage.
The centaur completely misses you.
The centaur hits you but does no damage.
You block the centaur's attack.
You hit the centaur.
The centaur is lightly wounded.
You block the centaur's attack. x2; The centaur closely misses you.
The centaur kicks you but does no damage.
You hit the centaur.
The centaur is lightly wounded.
The centaur hits you. The centaur barely misses you. The centaur hits you.
The centaur barely misses you.
You slash the centaur!
The centaur is severely wounded.
The centaur hits you. The centaur closely misses you. The centaur hits you.
You die...

####### ####### #.....#
#.....# #.....# #.....#
#.....# #..... #.....#
.... #.....#########
#.#######..............
#......c...............
#)....@.......)..<.....
#))..............%.....
#......................
#..........##............
...............####.#.....
..............### #.#...).
.##<#...........
..........
.................#.#.....
.......#......#.#.#.....


You could see a centaur.

Vanquished Creatures
  A hound (D:2)
  Terence (D:2)
  3 gnolls (D:3)
  2 adders
  A worm (D:2)
  2 dart slugs (D:1)
  5 ball pythons
  4 bats
  6 endoplasms (D:1)
  2 giant cockroaches
  7 goblins
  2 hobgoblins (D:1)
  5 quokkas
  5 frilled lizards
  4 kobolds
  4 rats
54 creatures vanquished.

Notes
Turn   | Place    | Note
-------+----------+-------------------------------------------
     0 | D:1      | qw the Gargoyle Fighter began the quest for the Orb.
     0 | D:1      | Reached XP level 1. HP: 14/14 MP: 1/1
     0 | D:1      | 0 ||| qw: Version: 0.2-a-12-gaebbb33
     0 | D:1      | 0 ||| qw: Game counter: 1129
     0 | D:1      | 0 ||| qw: Always use a shield: true
     0 | D:1      | 0 ||| qw: God list: Okawaru
     0 | D:1      | 0 ||| qw: Allow faded altars: false
     0 | D:1      | 0 ||| qw: Do Orc after D:15 true
     0 | D:1      | 0 ||| qw: Do second Lair branch before Depths: true
     0 | D:1      | 0 ||| qw: Lair rune preference: random
     0 | D:1      | 0 ||| qw: Plans: Normal, Zot:1-4, God:TSO, Crypt, Tomb,
                  | Pan, Slime:5, Hells, Abyss, Orb
     0 | D:1      | 0 ||| PLANNING D:1-11
    56 | D:1      | Reached skill level 2 in Axes
    76 | D:1      | 76 ||| Stepping ~*~*~tactically~*~*~ (stealth).
    77 | D:1      | 77 ||| Stepping ~*~*~tactically~*~*~ (stealth).
   100 | D:1      | Reached XP level 2. HP: 19/19 MP: 2/2
   136 | D:1      | 136 ||| Stepping ~*~*~tactically~*~*~ (stealth).
   138 | D:1      | 138 ||| Stepping ~*~*~tactically~*~*~ (stealth).
   139 | D:1      | 139 ||| Stepping ~*~*~tactically~*~*~ (stealth).
   170 | D:1      | 170 ||| Stepping ~*~*~tactically~*~*~ (stealth).
   263 | D:1      | 263 ||| Stepping ~*~*~tactically~*~*~ (stealth).
   264 | D:1      | 264 ||| Stepping ~*~*~tactically~*~*~ (stealth).
   474 | D:1      | 474 ||| Stepping ~*~*~tactically~*~*~ (hiding).
   484 | D:1      | Reached skill level 3 in Axes
   498 | D:1      | Reached XP level 3. HP: 8/23 MP: 3/3
  1063 | D:1      | 1063 ||| Stepping ~*~*~tactically~*~*~ (stealth).
  1079 | D:1      | 1079 ||| Stepping ~*~*~tactically~*~*~ (stealth).
  1238 | D:1      | 1238 ||| DROPPING orb of wrath.
  1239 | D:1      | 1239 ||| UPGRADING to +0 pair of boots.
  1244 | D:1      | 1244 ||| UPGRADING to ring of protection from cold.
  1245 | D:1      | 1245 ||| READING scroll labelled LEXIAT TUHAU.
  1246 | D:1      | 1246 ||| READING scroll labelled JYZEUD ANOAS.
  1247 | D:1      | 1247 ||| DRINKING 3 glowing ruby potions.
  1349 | D:2      | 1349 ||| Stepping ~*~*~tactically~*~*~ (stealth).
  1416 | D:2      | Noticed Terence
  1428 | D:2      | Killed Terence
  1429 | D:2      | Reached skill level 4 in Axes
  1429 | D:2      | Reached XP level 4. HP: 22/28 MP: 4/4
  1497 | D:2      | 1497 ||| DROPPING +0 whip.
  1558 | D:2      | 1558 ||| Stepping ~*~*~tactically~*~*~ (stealth).
  2034 | D:2      | Reached XP level 5. HP: 30/32 MP: 5/5
  2361 | D:2      | 2361 ||| READING scroll labelled DIAGGO OH COMOIF.
  2362 | D:2      | 2362 ||| READING scroll labelled TASCHE JELAOSAL.
  2363 | D:2      | 2363 ||| READING scroll labelled ZUSICR VIFF.
  2367 | D:2      | 2367 ||| READING scroll labelled HOOROV ETWUS.
  2368 | D:2      | 2368 ||| DRINKING 2 fuming grey potions.
  2369 | D:2      | 2369 ||| DROPPING potion of flight.
  2407 | D:3      | 2407 ||| Stepping ~*~*~tactically~*~*~ (stealth).
  2408 | D:3      | 2408 ||| Stepping ~*~*~tactically~*~*~ (stealth).
  2409 | D:3      | 2409 ||| Stepping ~*~*~tactically~*~*~ (stealth).
  2438 | D:3      | Reached skill level 5 in Axes
  2445 | D:3      | Noticed a centaur
  2453 | D:3      | HP: 5/32 [centaur (4)]
  2453 | D:3      | Slain by a centaur

Levels and vault maps discovered:
D:1:      lordsloth_arrival_two_stooges, layout_loops_ring,
          minmay_splitting_lines, st_stairs_3
D:2:      layout_loops_cross, uniq_terence
D:3:      layout_rooms, hellmonk_ecumenical_altar_leap_of_faith

Skill      XL: |  1  2  3  4  5 |
---------------+----------------+-----
Axes           | 2 3 4 5 |  5.0
Fighting       | |  3.2
Armour         | |  3.2
Shields        | |  3.2

Action                   |  1- 3 |  4- 6 || total
-------------------------+-------+-------++-------
Melee: War axe           |   104 |    89 ||   193
  Use: Scroll            |     2 |     4 ||     6
       Potion            |     1 |     1 ||     2
Armor: Scale mail        |    50 |    59 ||   109
Dodge: Dodged            |    43 |    43 ||    86
Block: Buckler           |    13 |    26 ||    39

Table legend:
 A = Non-vault XP
 B = Vault XP
 C = Vault XP percentage of total XP
 D = Non-vault monster count
 E = Vault monster count
 F = Vault count percentage of total count
                 A         B        C        D         E       F
            +---------+---------+-------+---------+---------+-------
      Total |     194 |      40 |  17.1 |      51 |       3 |   5.6
            +---------+---------+-------+---------+---------+-------
        D:1 |      49 |       4 |   7.5 |      26 |       2 |   7.1
        D:2 |      86 |      36 |  29.5 |      19 |       1 |   5.0
        D:3 |      59 |       0 |   0.0 |       6 |       0 |   0.0
            +---------+---------+-------+---------+---------+-------
